Map: Terrasses de Prion

Players

Ben - Winner!

  • Race: Zerg Zerg
  • League: Gold

Worming

  • Race: Zerg Zerg
  • League: Platinum

VOD

Have the link to the VOD?

Description

Time

  • Played on: Nov. 11, 2015, 10:08 a.m.
  • Length: 8:33
Show
View Real Time Build Order
Export as new Build Order

Ben Zerg - Winner!

Build Orders: Hatch First 

Get SALT Encoding   

  12  0:01  Drone  
  13  0:13  Overlord  
  13  0:17  Drone  
  14  0:25  Drone, Extractor  
  15  0:31  Drone  
  15  0:35  Drone  
  17  0:53  Hatchery  
  17  0:56  Drone  
  17  0:59  Drone  
  18  1:14  Spawning Pool  
  18  1:16  Drone  
  18  1:20  Drone  
  19  1:29  Drone  
  19  1:31  Extractor  
  19  1:39  Overlord  
  19  1:50  Drone  
  20  2:01  Queen  
  20  2:03  Drone  
  20  2:05  Queen  
  20  2:06  Drone  
  26  2:17  Roach Warren  
  26  2:18  Drone  
  26  2:21  Drone  
  27  2:28  Drone x2  
  29  2:34  Drone  
  30  2:43  Overlord  
  30  2:44  Overlord  
  30  2:53  Lair  
  30  2:54  Extractor  
  29  3:03  Drone x3  
  29  3:04  Extractor  
  31  3:19  Drone x3  
  34  3:22  Overlord  
  34  3:39  Drone x4  
  38  3:49  Roach x7  
  38  3:53  Glial Reconstitution  
  52  3:59  Overlord  
  52  4:05  Roach x2  
  56  4:11  Roach  
  58  4:24  Overlord x2  
  58  4:26  Roach  
  58  4:27  Roach x3  
  66  4:34  Overlord  
  66  4:44  Ravager x3  
  66  4:45  Ravager  
  70  4:46  Roach  
  70  4:51  Roach x2  
  76  5:08  Hatchery  
  75  5:15  Queen  
  75  5:18  Roach x2  
  75  5:19  Roach x2  
  83  5:39  Roach  
  83  5:40  Roach x3  
  91  5:43  Spore Crawler  
  91  5:45  Spore Crawler  
  91  5:47  Roach  
  91  5:49  Overlord x2  
  91  6:10  Roach x6  
  92  6:18  Roach x3  
  85  6:30  Roach x3  
  91  6:39  Roach x2  
  95  6:42  Queen  
  89  6:53  Roach x3  
  85  7:00  Roach x2  
  85  7:15  Roach x2  
  87  7:16  Roach x3  
  93  7:29  Drone x5  
  99  7:30  Drone  
  99  7:40  Ravager x4  
  99  7:41  Ravager  
  99  7:43  Ravager  
  105  7:49  Extractor  
  98  8:08  Roach x7  
  98  8:10  Overlord x3  
Show
View Real Time Build Order
Export as new Build Order

Worming Zerg 

Build Orders: Hatch First 

Get SALT Encoding   

  12  0:02  Drone  
  13  0:12  Overlord  
  13  0:17  Drone  
  14  0:30  Drone x2  
  16  0:39  Drone  
  17  0:55  Hatchery  
  16  0:57  Drone  
  16  1:02  Drone  
  18  1:04  Extractor  
  18  1:10  Drone  
  18  1:18  Spawning Pool  
  18  1:23  Drone  
  18  1:30  Drone  
  19  1:39  Drone  
  20  1:49  Overlord  
  20  2:08  Queen x2  
  20  2:09  Zergling x4  
  20  2:10  Metabolic Boost  
  26  2:33  Drone x5  
  31  2:47  Baneling Nest  
  29  3:05  Drone x2  
  29  3:06  Drone x3  
  29  3:12  Zergling x2  
  35  3:19  Overlord  
  35  3:20  Overlord x2  
  35  3:24  Queen, Hatchery  
  36  3:38  Zergling x8  
  40  3:49  Queen  
  42  3:56  Roach Warren  
  42  3:57  Extractor  
  42  3:58  Evolution Chamber x2  
  38  4:06  Drone x3  
  38  4:07  Drone  
  42  4:20  Drone x4  
  42  4:21  Lair  
  46  4:27  Zerg Missile Weapons Level 1  
  46  4:37  Drone x2  
  48  4:39  Zerg Ground Armor Level 1  
  48  4:49  Overlord  
  48  4:50  Overlord  
  48  4:52  Extractor  
  47  4:53  Drone x3, Extractor  
  47  4:54  Drone x2  
  47  4:55  Drone  
  52  5:00  Roach  
  52  5:01  Roach x4  
  52  5:02  Roach  
  52  5:03  Overlord  
  61  5:16  Roach  
  61  5:17  Roach x2  
  66  5:25  Roach  
  66  5:26  Zergling x4, Roach x3  
  75  5:33  Zergling x2, Roach x3  
  75  5:34  Zergling x2  
  82  5:43  Overlord x2  
  70  6:17  Roach  
  70  6:18  Roach x13  
  82  6:25  Roach  
  82  6:26  Roach  
  82  6:28  Roach  
  67  6:49  Queen  
  63  6:56  Roach  
  63  6:57  Roach x8  
  63  7:17  Roach  
  63  7:18  Roach x6  
  64  7:30  Drone x2  
  64  7:31  Drone  
  67  7:55  Roach  
  67  7:56  Roach x6  
  77  8:07  Overlord  
  77  8:08  Roach  
Tags
 
Add a new tag
Caveats
  • Supply blocks, unpowered buildings, or Contaminate may cause inaccurate times.
  • Supply counts are checked every 10 seconds.